 Dungeon Crawl Stone Soup version 0.31-a0-1074-g0b22e4e0f1 (webtiles) character file.

Game seed: 851866988259295956

1213 drugrobin the Trooper (level 8, -2/71 HPs)
             Began as a Demigod Delver on Dec 3, 2023.
             Slain by an orc warrior
             ... wielding a +0 halberd
              (7 damage)
             ... on level 6 of the Dungeon.
             The game lasted 00:17:32 (5995 turns).

drugrobin the Trooper (Demigod Delver)              Turns: 5995, Time: 00:17:33

Health: -2/71      AC:  6    Str: 21    XL:     8   Next: 2%
Magic:  2/15       EV: 12    Int: 12    God:
Gold:   140        SH:  0    Dex: 15    Spells: 8/12 levels left

rFire   . . .        b - +2 short sword (elec)
rCold   . . .        (no shield)
rNeg    . . .        o - +0 leather armour
rPois   +            i - +0 helmet
rElec   .            B - +0 cloak {rPois}
rCorr   .            y - +0 pair of gloves
SInv    .            (no boots)
Will    .....        (no amulet)
Stlth   +++          l - ring of flight
HPRegen 0.31/turn    J - ring of wizardry
MPRegen 0.14/turn

%: wizardry (x1)
@: flying, very slightly contaminated, studying Polearms
A: high MP 1, forlorn, divine attributes
a: no special abilities


You were on level 6 of the Dungeon.
You visited 1 branch of the dungeon, and saw 6 of its levels.

You collected 242 gold pieces.
You spent 102 gold pieces at shops.

Inventory:

Hand Weapons
 a - a +0 quarterstaff
 b - a +2 short sword of electrocution (weapon)
 d - a +0 whip
 q - a +0 mace
 H - a +0 morningstar
 L - a +0 halberd
Missiles
 t - 2 javelins
 x - a throwing net
 D - 8 poisoned darts
 F - 3 boomerangs (quivered)
Armour
 i - a +0 helmet (worn)
 o - a +0 leather armour (worn)
 y - a +0 pair of gloves (worn)
 B - a +0 cloak of poison resistance (worn)
Magical Staves
 u - a staff of air
Jewellery
 l - a ring of flight (left hand)
 J - a ring of wizardry (right hand)
Talismans
 j - a maw talisman
Wands
 g - a wand of digging (3)
 m - a wand of flame (8)
Scrolls
 c - 2 scrolls of fog
 e - 3 scrolls of fear
 h - a scroll of teleportation {unknown}
 k - 4 scrolls of identify {unknown}
 r - a scroll of torment {unknown}
 s - a scroll of enchant armour {unknown}
 v - a scroll of poison {unknown}
 C - 2 scrolls of revelation
 E - a scroll of brand weapon {unknown}
 K - a scroll of noise {unknown}
 M - a scroll of vulnerability {unknown}
Potions
 f - 2 potions of haste
 n - a potion of heal wounds {unknown}
 p - a potion of might {unknown}
 w - a potion of magic {unknown}
 z - a potion of curing {unknown}
 A - 2 potions of degeneration {unknown}
 G - a potion of enlightenment {unknown}
 I - a potion of mutation {unknown}
 N - a potion of lignification {unknown}


   Skills:
 + Level 6.5 Fighting
 - Level 2.8(3.3) Maces & Flails
 + Level 1.2(2.2) Polearms
 - Level 2.7(3.4) Staves
 - Level 1.7 Dodging
 - Level 4.5 Stealth
 + Level 2.9 Spellcasting
 - Level 4.0 Evocations


You had 8 spell levels left.
You knew the following spells:

 Your Spells              Type           Power      Damage    Failure   Level
a - Sandblast             Erth           2%         2d4       12%         1
b - Stone Arrow           Conj/Erth      2%         3d7       32%         3

Your spell library contained the following spells:

 Spells                   Type           Power      Damage    Failure   Level
 Lesser Beckoning         Tloc           2%         N/A       17%         2
 Passwall                 Tmut/Erth      0%         N/A       17%         2
 Sublimation of Blood     Necr           1%         N/A       17%         2
 Wereblood                Tmut           1%         N/A       17%         2
 Gell's Gravitas          Tloc           1%         N/A       32%         3
 Teleport Other           Tloc           1%         N/A       32%         3
 Brom's Barrelling Bould  Conj/Erth      1%         2d3       71%         4
 Summon Hydra             Summ           0%         N/A       100%        7


Dungeon Overview and Level Annotations

Branches:
Dungeon (6/15)             Temple (0/1) D:5

Shops:
D:2 [   D:3 :


Innate Abilities, Weirdness & Mutations

You have an increased reservoir of magic. (+10% MP)
You shall have no god before yourself.
Your divine heritage dramatically boosts your attributes as you level up.


Message History

The orc hits you with a +0 club.
* * * LOW HITPOINT WARNING * * *
The orc warrior closely misses you.
Unknown command.
Unknown command.
Hit: b) +2 short sword (elec)
Press: ? - help, Dir - move target, f/p - orc warrior
Aim: an orc warrior, wielding a +0 halberd and wearing a +0 plate armour (almost dead, about 34% to evade your +2 short sword of electrocution)
Okay, then.
Unknown command.
You hit the orc warrior but do no damage.
The orc warrior is almost dead.
The orc barely misses you.
Unknown command.
Unknown command.
You hit the orc warrior.
The orc warrior is almost dead.
The orc hits you with a +0 club.
* * * LOW HITPOINT WARNING * * *
The orc warrior barely misses you.
Unknown command.
Unknown command.
You closely miss the orc warrior.
The orc warrior is almost dead.
The orc hits you but does no damage. The orc warrior barely misses you.
You hit the orc warrior but do no damage.
The orc warrior is almost dead.
The orc closely misses you.
The orc warrior hits you with a +0 halberd!
* * * LOW HITPOINT WARNING * * *
Unknown command.
Unknown command.
Aiming: Throw Flame
Press: ? - help, Shift-Dir - straight line, f/p - orc warrior
Aim: an orc warrior, wielding a +0 halberd and wearing a +0 plate armour (almost dead, 71% to hit)
The puff of flame hits the orc warrior but does no damage.
The orc warrior is almost dead.
The orc hits you but does no damage.
The orc warrior hits you with a +0 halberd!
You die...

.............##.#..#
#............#.....#
#.................##
#..................##
.....................
..................##.
?................##
....$.#...#o#.<..##..
.....##...##@o........
.... #....#####[.....
.#. #...o# ...... #
#..... ..... .......
..... ......o. .#..
.#..


You could see an orc warrior and an orc.

Vanquished Creatures
  Sigmund (D:3)
  2 bullfrogs (D:4)
  3 scorpions
  A howler monkey (D:4)
  2 jellies
  An orc priest (D:5)
  2 hounds (D:5)
  2 gnoll boudas
  A sleepcap (D:4)
  2 iguanas (D:5)
  5 orc wizards
  Robin (D:2)
  6 gnolls
  12 adders
  A white imp (D:5)
  A worm (D:2)
  4 dart slugs
  10 orcs
  2 bats (D:3)
  An endoplasm (D:3)
  6 giant cockroaches
  9 goblins
  6 hobgoblins
  5 jackals
  11 kobolds
  5 quokkas
  5 ball pythons
  3 frilled lizards
  9 rats
119 creatures vanquished.

Notes
Turn   | Place    | Note
-------+----------+-------------------------------------------
     0 | D:5      | drugrobin the Demigod Delver began the quest for the Orb.
     0 | D:5      | Reached XP level 1. HP: 18/18 MP: 3/3
    25 | D:5      | Noticed a hound
   211 | D:1      | Reached XP level 2. HP: 24/25 MP: 4/4
   268 | D:1      | Learned a level 1 spell: Sandblast
   606 | D:1      | Reached skill level 3 in Fighting
   995 | D:2      | Reached XP level 3. HP: 31/31 MP: 2/5
  1164 | D:2      | Found Fesu's Armour Shop.
  1215 | D:2      | Noticed Robin
  1223 | D:2      | Killed Robin
  1224 | D:2      | Reached skill level 1 in Evocations
  1682 | D:3      | Reached XP level 4. HP: 28/39 MP: 3/6
  1939 | D:3      | Noticed Sigmund
  1954 | D:3      | Killed Sigmund
  1955 | D:3      | Reached skill level 4 in Fighting
  1955 | D:3      | Reached XP level 5. HP: 30/47 MP: 7/7
  2083 | D:3      | Found Cidi's Book Shop.
  2491 | D:3      | Reached XP level 6. HP: 6/53 MP: 8/8
  2801 | D:4      | Reached skill level 1 in Staves
  2870 | D:4      | Reached skill level 5 in Fighting
  3353 | D:2      | Bought a +0 cloak of poison resistance for 102 gold pieces
  3595 | D:4      | Reached XP level 7. HP: 56/61 MP: 7/9
  4517 | D:5      | Found a staircase to the Ecumenical Temple.
  4619 | D:5      | Reached skill level 1 in Spellcasting
  4764 | D:4      | Learned a level 3 spell: Stone Arrow
  4795 | D:5      | Reached skill level 6 in Fighting
  5641 | D:5      | Reached skill level 1 in Polearms
  5721 | D:6      | Reached XP level 8. HP: 49/71 MP: 15/15
  5995 | D:6      | Slain by an orc warrior

Illustrated notes

Levels and vault maps discovered:
D:1:      minmay_arrival_five_plusses, layout_basic,
          shapermc_ecumenical_altar_mp_ritualfount, hangedman_decor_growths
D:2:      layout_loops_ring, basic_altar, serial_shops, shop, uniq_robin
D:3:      layout_basic, cheibrodos_ashenzari_chains, nicolae_uskayaw_dance_hall,
          serial_shops, nicolae_shop_hallway_plus, uniq_sigmund
D:4:      layout_loops_cross, chequers_serial_rivers_room_a, bh_walls_and_bars
D:5:      layout_gridville, minmay_temple_entry_large_hall,
          nicolae_kite_square_tiling_tiny, minmay_manual_mess
D:6:      cheibrodos_barr_body, layout_cave_pools, nicolae_wu_jian_wuxing_cycle,
          mainiacjoe_overflow_tiny_flanked

Skill      XL: |  1  2  3  4  5  6  7 |
---------------+----------------------+-----
Maces & Flails | 2 |  2.8
Fighting       | 3 4 5 6 |  6.5
Evocations     | 1 3 4 |  4.0
Staves         | 2 |  2.7
Spellcasting   | 2 |  2.9
Polearms       | 1 |  1.2
Dodging        | |  1.7
Stealth        | |  4.5

Action                     |  1- 3 |  4- 6 |  7- 9 || total
---------------------------+-------+-------+-------++-------
  Melee: Mace              |    49 |       |       ||    49
         Whip              |    56 |    33 |       ||    89
         Staff             |     8 |       |       ||     8
         Morningstar       |       |    94 |    32 ||   126
         Punch             |       |     1 |       ||     1
         Quarterstaff      |       |       |    74 ||    74
         Short sword       |       |       |    71 ||    71
  Throw: Dart              |       |       |     4 ||     4
         Boomerang         |       |       |     3 ||     3
   Cast: Sandblast         |    10 |     8 |    29 ||    47
         Stone Arrow       |       |       |    12 ||    12
  Evoke: Wand              |     6 |    15 |     1 ||    22
   Stab: Sleeping          |     9 |     5 |     1 ||    15
 Armour: Leather armour    |    61 |    89 |   155 ||   305
  Dodge: Dodged            |    70 |    93 |   123 ||   286

Table legend: (Time is in decaauts)
 A = Elapsed time spent in this place.
 B = Non-inter-level travel time spent in this place.
 C = Inter-level travel time spent in this place.
 D = Time resting spent in this place.
 E = Time spent auto-exploring this place.
 F = Levels seen in this place.
 G = Mean time per level.
                   A        B        C        D        E       F      G
               +--------+--------+--------+--------+--------+-----+--------+
         Total |   6086 |   5759 |    327 |    843 |   3308 |   6 | 1014.3 |
       Dungeon |   6086 |   5759 |    327 |    843 |   3308 |   6 | 1014.3 |
               +--------+--------+--------+--------+--------+-----+--------+

Top non-repeatable levels by time:
     D:5: 1752 daAuts
     D:4: 1270 daAuts
     D:3: 1223 daAuts
     D:2: 992 daAuts
     D:1: 659 daAuts
     D:6: 187 daAuts
